Workbook

Sheet ΑΝΑΛΥΣΗ
B5: Α/Α | C5: Κατάσταση Αποτελεσμάτων - ΕΜΠΟΡΙΚΗ Α.Ε | D5: 20Χ1 | E5: 20Χ0 | F5: ΠΟΣΟΤΙΚΗ ΜΕΤΑΒΟΛΗ | G5: ΠΟΣΟΣΤΙΑΙΑ ΜΕΤΑΒΟΛΗ | H5: ΕΠΗΡΕΣΜΟΣ ΑΠΟΤΕΛΕΣΜΑΤΟΣ
B6: 1 | C6: Κύκλος εργασιών (καθαρός) | D6: 2200000 | E6: 2400000 | F6: =D6-E6 -> -200000 | G6: =F6/E6 -> -0.083333333
B7: =B6+1 -> 2 | C7: Κόστος πωλήσεων | D7: 1600000 | E7: 1870000 | F7: =F6 -> -200000 | G7: =D9 -> 0.27272727 | H7: =F7*G7 -> -54545.455
B8: =B7+1 -> 3 | C8: Μικτό αποτέλεσμα | D8: =D6-D7 -> 600000 | E8: =E6-E7 -> 530000 | F8: Μ. ΑΠ. (%) | G8: Μ. ΑΠ. (%)
B9: =B8+1 -> 4 | C9: Ποσοστό Μ. Απ. επί Πωλήσεων | D9: =D8/D6 -> 0.27272727 | E9: =E8/E6 -> 0.22083333 | G9: =D9-E9 -> 0.051893939 | H9: =E6*G9 -> 124545.45
B10: =B9+1 -> 5 | C10: Λοιπά συνήθη έσοδα | D10: 70000 | E10: 120000 | F10: =D10-E10 -> -50000 | H10: =F10 -> -50000
B11: =B10+1 -> 6 | D11: =D8+D10 -> 670000 | E11: =E8+E10 -> 650000
B12: =B11+1 -> 7 | C12: Έξοδα διοίκησης | D12: 180000 | E12: 170000 | F12: =D12-E12 -> 10000 | H12: =-F12 -> -10000
B13: =B12+1 -> 8 | C13: Έξοδα διάθεσης | D13: 240000 | E13: 190000 | F13: =D13-E13 -> 50000 | H13: =-F13 -> -50000
B14: =B13+1 -> 9 | C14: Ποσοστό Εξόδων ΔΚ και ΔΘ επί Πωλήσεων | D14: =(D12+D13)/D6 -> 0.19090909 | E14: =(E12+E13)/E6 -> 0.15 | G14: =D14-E14 -> 0.040909091
B15: =B14+1 -> 10 | C15: Λοιπά έξοδα και ζημιές | D15: 15000 | E15: 11000 | F15: =D15-E15 -> 4000 | H15: =-F15 -> -4000
B16: =B15+1 -> 11 | C16: Λοιπά έσοδα και κέρδη | D16: 12000 | E16: 9000 | F16: =D16-E16 -> 3000 | H16: =F16 -> 3000
B17: =B16+1 -> 12 | C17: Αποτελέσματα προ τόκων και φόρων | D17: =D11-D12-D13-D15+D16 -> 247000 | E17: =E11-E12-E13-E15+E16 -> 288000
B18: =B17+1 -> 13 | C18: Πιστωτικοί τόκοι και συναφή έσοδα | D18: 1500 | E18: 890 | F18: =D18-E18 -> 610 | H18: =F18 -> 610
B19: =B18+1 -> 14 | C19: Χρεωστικοί τόκοι και συναφή έξοδα | D19: 65000 | E19: 55000 | F19: =D19-E19 -> 10000 | H19: =-F19 -> -10000
B20: =B19+1 -> 15 | C20: Αποτέλεσμα προ φόρων | D20: =D17+D18-D19 -> 183500 | E20: =E17+E18-E19 -> 233890
B21: =B20+1 -> 16 | C21: Φόροι εισοδήματος | D21: =D20*23% -> 42205 | E21: =E20*25% -> 58472.5 | F21: =D21-E21 -> -16267.5 | H21: =-F21 -> 16267.5
B22: =B21+1 -> 17 | C22: Αποτέλεσμα περιόδου μετά από φόρους | D22: =D20-D21 -> 141295 | E22: =E20-E21 -> 175417.5 | F22: =D22-E22 -> -34122.5 | G22: =F22/E22 -> -0.19452164 | H22: =SUM(H6:H21) -> -34122.5
B23: =B22+1 -> 18 | C23: Ποσοστό Απ. Προ φόρων επί Πωλήσεων | D23: =D20/D6 -> 0.083409091 | E23: =E20/E6 -> 0.097454167 | G23: =D23-E23 -> -0.014045076
B24: =B23+1 -> 19 | C24: Ποσοστό Απ. Μετά φόρων επί Πωλήσεων | D24: =D22/D6 -> 0.064225 | E24: =E22/E6 -> 0.073090625 | G24: =D24-E24 -> -0.008865625
C26: EBITDA | D26: 20Χ1 | E26: 20Χ0 | F26: Μεταβολή
C27: =C17 -> Αποτελέσματα προ τόκων και φόρων | D27: =D17 -> 247000 | E27: =E17 -> 288000 | F27: =D27-E27 -> -41000
C28: Αποσβέσεις | D28: =-N47 -> 130000 | E28: =-N48 -> 120000 | F28: =D28-E28 -> 10000
C29: EBITDA ( Earnings Before Interest, Tax, Depreciation, and Amortization ) | D29: =SUM(D27:D28) -> 377000 | E29: =SUM(E27:E28) -> 408000 | F29: =D29-E29 -> -31000
F30: =F29/E29 -> -0.075980392
D31: =D29-Ε3!U38 -> 0 | G31: Επαλήθευση | H31: =F22-H22 -> 0
C36: Ισολογισμός - ΕΜΠΟΡΙΚΗ Α.Ε
C37: ΕΝΕΡΓΗΤΙΚΟ | D37: 20Χ1 | E37: 20Χ0 | F37: ΠΟΣΟΤΙΚΗ ΜΕΤΑΒΟΛΗ | G37: ΠΟΣΟΣΤΙΑΙΑ ΜΕΤΑΒΟΛΗ | K37: Πίνακας Παγίων
B38: 1 | C38: Μη κυκλοφορούντα περιουσιακά στοιχεία | K38: Πάγια | L38: Αναπόσβεστο Υπόλοιπο 31/12/20Χ0 | M38: Προσθήκες | N38: Αποσβέσεις χρήσης 20Χ1 | O38: Αναπόσβεστο Υπόλοιπο 31/12/20Χ1
B39: =B38+1 -> 2 | C39: Ενσώματα πάγια | F39: [ Δείτε Πίνακα Παγίων ] | K39: =C40 -> Ακίνητα | L39: 1300000 | M39: 0
B40: =B39+1 -> 3 | C40: Ακίνητα | D40: =O40 -> 1092000 | E40: =L39+L40 -> 1144000 | F40: =D40-E40 -> -52000 | K40: Μείον : Αποσβεσθεντα | L40: =-L39*4%*3 -> -156000 | N40: =-L39*4% -> -52000 | O40: =L39+L40+M39+N40 -> 1092000
B41: =B40+1 -> 4 | C41: Μηχανολογικός εξοπλισμός | D41: =O42 -> 387000 | E41: =L41+L42 -> 425000 | F41: =D41-E41 -> -38000 | K41: =C41 -> Μηχανολογικός εξοπλισμός | L41: 500000 | M41: 12000
B42: =B41+1 -> 5 | C42: Λοιπός εξοπλισμός | D42: =O44 -> 76000 | E42: =L43+L44 -> 78000 | F42: =D42-E42 -> -2000 | K42: Μείον : Αποσβεσθεντα | L42: =-L41*15% -> -75000 | N42: =-L41*10% -> -50000 | O42: =L41+L42+M41+N42 -> 387000
B43: =B42+1 -> 6 | C43: Σύνολο | D43: =SUM(D40:D42) -> 1555000 | E43: =SUM(E40:E42) -> 1647000 | K43: =C42 -> Λοιπός εξοπλισμός | L43: 120000 | M43: 20000
B44: =B43+1 -> 7 | C44: Άυλα πάγια στοιχεία | K44: Μείον : Αποσβεσθεντα | L44: -42000 | N44: =-(L43*10%+10000) -> -22000 | O44: =L43+L44+M43+N44 -> 76000
B45: =B44+1 -> 8 | C45: Λοιπά άυλα | D45: =O46 -> 18000 | E45: =L45+L46 -> 24000 | F45: =D45-E45 -> -6000 | K45: =C45 -> Λοιπά άυλα | L45: 30000 | M45: 0
B46: =B45+1 -> 9 | C46: Σύνολο | D46: =SUM(D45) -> 18000 | E46: =SUM(E45) -> 24000 | K46: Μείον : Αποσβεσθεντα | L46: -6000 | N46: =-L45*20% -> -6000 | O46: =L45+L46+M45+N46 -> 18000
B47: =B46+1 -> 10 | C47: Δάνεια και απαιτήσεις | D47: 100000 | E47: 100000 | F47: =D47-E47 -> 0 | K47: Σύνολο | L47: =L39+L41+L43+L45 -> 1950000 | M47: =SUM(M39:M46) -> 32000 | N47: =SUM(N39:N46) -> -130000 | O47: =SUM(O39:O46) -> 1573000
B48: =B47+1 -> 11 | C48: Σύνολο | D48: =SUM(D47) -> 100000 | E48: =SUM(E47) -> 100000 | K48: Αποσβέσεις 'εως 31/12/20Χ0 | L48: =L40+L42+L44+L46 -> -279000 | M48: Αποσβέσεις Χρ. 20Χ0 | N48: -120000
B49: =B48+1 -> 12 | C49: Σύνολο μη κυκλοφορούντων | D49: =D43+D46+D48 -> 1673000 | E49: =E43+E46+E48 -> 1771000
B50: =B49+1 -> 13 | C50: Κυκλοφορούντα περιουσιακά στοιχεία | L50: =SUM(L47:L48) -> 1671000 | N50: Επαλήθευση | O50: =L47+L48+M47+N47-O47 -> 0
B51: =B50+1 -> 14 | C51: Αποθέματα | N51: =SUM(M47:N47) -> -98000
B52: =B51+1 -> 15 | C52: Εμπορεύματα | D52: 190000 | E52: 210000 | F52: =D52-E52 -> -20000 | G52: =F52/E52 -> -0.095238095 | N52: =SUM(F40:F49) -> -98000
B53: =B52+1 -> 16 | C53: Σύνολο | D53: =SUM(D52:D52) -> 190000 | E53: =SUM(E52:E52) -> 210000
B54: =B53+1 -> 17 | C54: Χρηματοοικονομικά στοιχεία και προκαταβολές
B55: =B54+1 -> 18 | C55: Εμπορικές απαιτήσεις | D55: =310000 -> 310000 | E55: 220000 | F55: =D55-E55 -> 90000 | G55: =F55/E55 -> 0.40909091
B56: =B55+1 -> 19 | C56: Λοιπές απαιτήσεις | D56: 120000 | E56: 50000 | F56: =D56-E56 -> 70000 | G56: =F56/E56 -> 1.4
B57: =B56+1 -> 20 | C57: Ταμειακά διαθέσιμα και ισοδύναμα | D57: 59000 | E57: 64000 | F57: =D57-E57 -> -5000
B58: =B57+1 -> 21 | C58: Σύνολο | D58: =SUM(D55:D57) -> 489000 | E58: =SUM(E55:E57) -> 334000
B59: =B58+1 -> 22 | C59: Σύνολο κυκλοφορούντων | D59: =D53+D58 -> 679000 | E59: =E53+E58 -> 544000
B60: =B59+1 -> 23 | C60: Σύνολο ενεργητικού | D60: =D49+D59 -> 2352000 | E60: =E49+E59 -> 2315000 | F60: =SUM(F40:F59) -> 37000
C62: ΠΑΘΗΤΙΚΟ | D62: 20Χ1 | E62: 20Χ0 | F62: ΠΟΣΟΤΙΚΗ ΜΕΤΑΒΟΛΗ | G62: ΠΟΣΟΣΤΙΑΙΑ ΜΕΤΑΒΟΛΗ
B63: 1 | C63: Καθαρή θέση
B64: =B63+1 -> 2 | C64: Καταβλημένα κεφάλαια
B65: =B64+1 -> 3 | C65: Κεφάλαιο | D65: =E65 -> 30000 | E65: 30000 | F65: =D65-E65 -> 0
B66: =B65+1 -> 4 | C66: Σύνολο | D66: =SUM(D65) -> 30000 | E66: =SUM(E65) -> 30000
B67: =B66+1 -> 5 | C67: Αποθεματικά και αποτελέσματα εις νέο
B68: =B67+1 -> 6 | C68: Αποθεματικά νόμων ή καταστατικού | D68: =E68 -> 11000 | E68: 11000 | F68: =D68-E68 -> 0
B69: =B68+1 -> 7 | C69: Αποτελέσματα εις νέο | D69: =E69+D22 -> 353295 | E69: 212000 | F69: =D69-E69 -> 141295
B70: =B69+1 -> 8 | C70: Σύνολο | D70: =SUM(D68:D69) -> 364295 | E70: =SUM(E68:E69) -> 223000
B71: =B70+1 -> 9 | C71: Σύνολο καθαρής θέσης | D71: =D66+D70 -> 394295 | E71: =E66+E70 -> 253000
B72: =B71+1 -> 10 | C72: Μακροπρόθεσμες υποχρεώσεις
B73: =B72+1 -> 11 | C73: Δάνεια | D73: =E73-E77 -> 200000 | E73: 300000 | F73: =D73-E73 -> -100000
B74: =B73+1 -> 12 | C74: Σύνολο | D74: =SUM(D73:D73) -> 200000 | E74: =SUM(E73:E73) -> 300000
B75: =B74+1 -> 13 | C75: Βραχυπρόθεσμες υποχρεώσεις
B76: =B75+1 -> 14 | C76: Τραπεζικά δάνεια | D76: =1000000-120500 -> 879500 | E76: =900000-90472.5 -> 809527.5 | F76: =D76-E76 -> 69972.5 | G76: =F76/E76 -> 0.086436224
B77: =B76+1 -> 15 | C77: Βραχυπρόθεσμο μέρος μακροπροθέσμων δανείων | D77: 100000 | E77: 100000 | F77: =D77-E77 -> 0
B78: =B77+1 -> 16 | C78: Εμπορικές υποχρεώσεις | D78: 650000 | E78: =700000 -> 700000 | F78: =D78-E78 -> -50000 | G78: =F78/E78 -> -0.071428571
B79: =B78+1 -> 17 | C79: Φόρος εισοδήματος | D79: =D21 -> 42205 | E79: =E21 -> 58472.5 | F79: =D79-E79 -> -16267.5
B80: =B79+1 -> 18 | C80: Λοιποί φόροι και τέλη | D80: 60000 | E80: =70000 -> 70000 | F80: =D80-E80 -> -10000
B81: =B80+1 -> 19 | C81: Οργανισμοί κοινωνικής ασφάλισης | D81: 26000 | E81: 24000 | F81: =D81-E81 -> 2000
B82: =B81+1 -> 20 | C82: Σύνολο | D82: =SUM(D76:D81) -> 1757705 | E82: =SUM(E76:E81) -> 1762000
B83: =B82+1 -> 21 | C83: Σύνολο υποχρεώσεων | D83: =D74+D82 -> 1957705 | E83: =E74+E82 -> 2062000
B84: =B83+1 -> 22 | C84: Σύνολο καθαρής θέσης, προβλέψεων και υποχρεώσεων | D84: =D71+D83 -> 2352000 | E84: =E71+E83 -> 2315000 | F84: =SUM(F64:F83) -> 37000
C86: Επαλήθευση | D86: =D60-D84 -> 0 | E86: =E60-E84 -> 0 | F86: =F60-F84 -> 0
C90: ΤΡΑΠΕΖΙΚΟΣ ΔΑΝΕΙΣΜΟΣ | D90: 20Χ1 | E90: 20Χ0 | F90: 20Χ-1
C91: Δάνεια | D91: =D73 -> 200000 | E91: =E73 -> 300000 | F91: 400000
C92: Τραπεζικά δάνεια | D92: =D76 -> 879500 | E92: =E76 -> 809527.5 | F92: 530000
C93: Βραχυπρόθεσμο μέρος μακροπροθέσμων δανείων | D93: =D77 -> 100000 | E93: =E77 -> 100000 | F93: 100000
C94: ΣΥΝΟΛΟ | D94: =SUM(D91:D93) -> 1179500 | E94: =SUM(E91:E93) -> 1209527.5 | F94: =SUM(F91:F93) -> 1030000
C96: ΜΕΣΟ ΕΠΙΤΟΚΙΟ | D96: 20Χ1 | E96: 20Χ0
C97: Τόκοι ετήσιοι | D97: =D19 -> 65000 | E97: =E19 -> 55000
C98: Μέσος όρος δύο ετων | D98: =(D94+E94)/2 -> 1194513.8 | E98: =(E94+F94)/2 -> 1119763.8
C99: Τόκοι / Μ.Ο Τραπεζικού Δανεισμού | D99: =D97/D98 -> 0.054415447 | E99: =E97/E98 -> 0.049117504
C101: ΤΡΑΠΕΖΙΚΟΣ ΔΑΝΕΙΣΜΟΣ / ΠΩΛΗΣΕΙΣ | D101: 20Χ1 | E101: 20Χ0
C102: Τραπεζικός Δανεισμός | D102: =D94 -> 1179500 | E102: =E94 -> 1209527.5
C103: =C6 -> Κύκλος εργασιών (καθαρός) | D103: =D6 -> 2200000 | E103: =E6 -> 2400000
C104: Ποσοστό | D104: =D102/D103 -> 0.53613636 | E104: =E102/E103 -> 0.50396979
C109: Κεφάλαιο Κίνησης | D109: 20Χ1 | E109: 20Χ0
C110: =C59 -> Σύνολο κυκλοφορούντων | D110: =D59 -> 679000 | E110: =E59 -> 544000
C111: Σύνολο βραχυπρόθεσμων υποχρεώσεων | D111: =D82 -> 1757705 | E111: =E82 -> 1762000
C112: Διαφορά ( αρνητικό κεφάλαιο κίνησης) | D112: =D110-D111 -> -1078705 | E112: =E110-E111 -> -1218000

Sheet ΤΑΜ_ΡΟΕΣ
B3: α/α | C3: Κατάσταση Χρηματοροών (έμμεση μέθοδος) | D3: 20Χ1
B4: 1 | C4: Χρηματοροές από λειτουργικές δραστηριότητες
B5: =B4+1 -> 2 | C5: Αποτέλεσμα προ φόρων | D5: =ΑΝΑΛΥΣΗ!D20 -> 183500
B6: =B5+1 -> 3 | C6: Πλέον ή μείον προσαρμογές για:
B7: =B6+1 -> 4 | C7: Αποσβέσεις και απομειώσεις ενσώματων και άυλων πάγιων | D7: =-ΑΝΑΛΥΣΗ!N47 -> 130000
B8: =B7+1 -> 5 | C8: Προβλέψεις | D8: 0
B9: =B8+1 -> 6 | C9: Έσοδα συμμετοχών και επενδύσεων | D9: 0
B10: =B9+1 -> 7 | C10: Χρεωστικοί και πιστωτικοί τόκοι (καθαρό ποσό) | D10: =ΑΝΑΛΥΣΗ!D19 -> 65000
B11: =B10+1 -> 8 | D11: =SUM(D5:D10) -> 378500
B12: =B11+1 -> 9 | C12: Πλέον ή μείον μεταβολές λογαριασμών κεφαλαίου κίνησης | H12: 20Χ1 | I12: 20Χ0 | J12: ΔΙΑΦΟΡΑ
B13: =B12+1 -> 10 | C13: Μεταβολή αποθεμάτων | D13: =-J13 -> 20000 | H13: =ΑΝΑΛΥΣΗ!D52 -> 190000 | I13: =ΑΝΑΛΥΣΗ!E52 -> 210000 | J13: =H13-I13 -> -20000
B14: =B13+1 -> 11 | C14: Μεταβολή απαιτήσεων | D14: =-J14 -> -160000 | H14: =ΑΝΑΛΥΣΗ!D55+ΑΝΑΛΥΣΗ!D56 -> 430000 | I14: =ΑΝΑΛΥΣΗ!E55+ΑΝΑΛΥΣΗ!E56 -> 270000 | J14: =H14-I14 -> 160000
B15: =B14+1 -> 12 | C15: Μεταβολή υποχρεώσεων | D15: =J15 -> -74267.5 | H15: =ΑΝΑΛΥΣΗ!D78+ΑΝΑΛΥΣΗ!D79+ΑΝΑΛΥΣΗ!D80+ΑΝΑΛΥΣΗ!D81 -> 778205 | I15: =ΑΝΑΛΥΣΗ!E78+ΑΝΑΛΥΣΗ!E79+ΑΝΑΛΥΣΗ!E80+ΑΝΑΛΥΣΗ!E81 -> 852472.5 | J15: =H15-I15 -> -74267.5
B16: =B15+1 -> 13 | D16: =SUM(D11:D15) -> 164232.5
B17: =B16+1 -> 14 | C17: Μείον:
B18: =B17+1 -> 15 | C18: Πληρωμές για χρεωστικούς τόκους | D18: =-D10 -> -65000
B19: =B18+1 -> 16 | C19: Πληρωμές για φόρο εισοδήματος | D19: =-ΑΝΑΛΥΣΗ!D79 -> -42205
B20: =B19+1 -> 17 | C20: Σύνολο | D20: =SUM(D16:D19) -> 57027.5
B21: =B20+1 -> 18 | C21: Χρηματοροές από επενδυτικές δραστηριότητες
B22: =B21+1 -> 19 | C22: Πληρωμές (εισπράξεις) για απόκτηση (πώληση) παγίων στοιχείων | D22: =-ΑΝΑΛΥΣΗ!M47 -> -32000
B23: =B22+1 -> 20 | C23: Μερίσματα εισπραχθέντα | D23: 0
B24: =B23+1 -> 21 | C24: Σύνολο | D24: =SUM(D22:D23) -> -32000
B25: =B24+1 -> 22 | C25: Χρηματοροές από χρηματοδοτικές δραστηριότητες
B26: =B25+1 -> 23 | C26: Εισπράξεις (πληρωμές) από αύξηση (μείωση) κεφαλαίου | D26: 0
B27: =B26+1 -> 24 | C27: Εισπράξεις (πληρωμές) από δάνεια | D27: =ΑΝΑΛΥΣΗ!D73+ΑΝΑΛΥΣΗ!D76+ΑΝΑΛΥΣΗ!D77-ΑΝΑΛΥΣΗ!E73-ΑΝΑΛΥΣΗ!E76-ΑΝΑΛΥΣΗ!E77 -> -30027.5 | H27: =ΑΝΑΛΥΣΗ!D73+ΑΝΑΛΥΣΗ!D76+ΑΝΑΛΥΣΗ!D77 -> 1179500 | I27: =ΑΝΑΛΥΣΗ!E73+ΑΝΑΛΥΣΗ!E76+ΑΝΑΛΥΣΗ!E77 -> 1209527.5 | J27: =H27-I27 -> -30027.5
B28: =B27+1 -> 25 | C28: Μερίσματα πληρωθέντα | D28: 0
B29: =B28+1 -> 26 | C29: Σύνολο | D29: =SUM(D26:D28) -> -30027.5
B30: =B29+1 -> 27 | C30: Συμφωνία μεταβολής διαθεσίμων
B31: =B30+1 -> 28 | C31: Καθαρή μεταβολή στα ταμειακά διαθέσιμα και ισοδύναμα της χρήσης | D31: =+D20+D24+D29 -> -5000
B32: =B31+1 -> 29 | C32: Ταμειακά διαθέσιμα και ισοδύναμα στην αρχή της περιόδου | D32: =ΑΝΑΛΥΣΗ!E57 -> 64000
B33: =B32+1 -> 30 | C33: Ταμειακά διαθέσιμα και ισοδύναμα στο τέλος της περιόδου | D33: =D31+D32 -> 59000
C35: Ταμειακά διαθέσιμα και ισοδύναμα στο τέλος της περιόδου | D35: =ΑΝΑΛΥΣΗ!D57 -> 59000
D36: =D33-D35 -> 0

Sheet ΕΞΟΔΑ
C3: (6) ΕΞΟΔΑ ΚΑΙ ΖΗΜΙΕΣ | D3: 20Χ1 | E3: 20Χ0 | F3: ΔΙΑΦΟΡΑ
C4: 60 Παροχές σε εργαζόμενους | D4: 190000 | E4: 120000 | F4: =D4-E4 -> 70000
C5: 62 Χρεωστικές συναλλαγματικές διαφορές | D5: 10000 | E5: 4000 | F5: =D5-E5 -> 6000
C6: 64 Διάφορα λειτουργικά έξοδα
C7: 64.01 Αμοιβές για υπηρεσίες | D7: 16000 | E7: 18000 | F7: =D7-E7 -> -2000
C8: 64.02 Ενέργεια | D8: 7000 | E8: 3000 | F8: =D8-E8 -> 4000
C9: 64.03 Ύδρευση | D9: 1200 | E9: 1000 | F9: =D9-E9 -> 200
C10: 64.04 Τηλεπικοινωνίες | D10: 4500 | E10: 4000 | F10: =D10-E10 -> 500
C11: 64.05 Ενοίκια | D11: 24000 | E11: 24000 | F11: =D11-E11 -> 0
C12: 64.06 Ασφάλιστρα | D12: 4000 | E12: 5000 | F12: =D12-E12 -> -1000
C13: 64.07 Μεταφορικά | D13: 6500 | E13: 7000 | F13: =D13-E13 -> -500
C14: 64.08 Αναλώσιμα | D14: 2800 | E14: 4000 | F14: =D14-E14 -> -1200
C15: 64.09 Επισκευές και συντηρήσεις | D15: 17000 | E15: 7000 | F15: =D15-E15 -> 10000
C16: 64.10 Διαφήμιση και προβολή | D16: 10000 | E16: 40000 | F16: =D16-E16 -> -30000
C17: 64.11 Φόροι και τέλη (πλην φόρου εισοδήματος) | D17: 4000 | E17: 5000 | F17: =D17-E17 -> -1000
C18: 64.12 Λοιπά έξοδα | D18: 3000 | E18: 2000 | F18: =D18-E18 -> 1000
C19: 65 Χρεωστικοί τόκοι και συναφή έξοδα
C20: 65.01 Τόκοι τραπεζικών δανείων | D20: =D31 -> 65000 | E20: =E31 -> 55000 | F20: =D20-E20 -> 10000
C21: 66 Αποσβέσεις | D21: =-ΑΝΑΛΥΣΗ!N47 -> 130000 | E21: =-ΑΝΑΛΥΣΗ!N48 -> 120000 | F21: =D21-E21 -> 10000
C22: 67 Ασυνήθη έξοδα και ζημιές
C23: 67.04 Πρόστιμα, προσαυξήσεις και ποινές | D23: 5000 | E23: 7000 | F23: =D23-E23 -> -2000
C24: ΣΥΝΟΛΟ | D24: =SUM(D4:D23) -> 500000 | E24: =SUM(E4:E23) -> 426000 | F24: =SUM(F4:F23) -> 74000
C27: Κατανομή Εξόδων στην Κατάσταση Αποτελεσμάτων | D27: 20Χ1 | E27: 20Χ0 | F27: ΔΙΑΦΟΡΑ
C28: Έξοδα διοίκησης | D28: =ΑΝΑΛΥΣΗ!D12 -> 180000 | E28: =ΑΝΑΛΥΣΗ!E12 -> 170000 | F28: =D28-E28 -> 10000
C29: Έξοδα διάθεσης | D29: =ΑΝΑΛΥΣΗ!D13 -> 240000 | E29: =ΑΝΑΛΥΣΗ!E13 -> 190000 | F29: =D29-E29 -> 50000
C30: Λοιπά έξοδα και ζημιές | D30: =ΑΝΑΛΥΣΗ!D15 -> 15000 | E30: =ΑΝΑΛΥΣΗ!E15 -> 11000 | F30: =D30-E30 -> 4000
C31: Χρεωστικοί τόκοι και συναφή έξοδα | D31: =ΑΝΑΛΥΣΗ!D19 -> 65000 | E31: =ΑΝΑΛΥΣΗ!E19 -> 55000 | F31: =D31-E31 -> 10000
C32: ΣΥΝΟΛΟ | D32: =SUM(D28:D31) -> 500000 | E32: =SUM(E28:E31) -> 426000 | F32: =SUM(F28:F31) -> 74000
C34: Επαλήθευση | D34: =D24-D32 -> 0 | E34: =E24-E32 -> 0 | F34: =F24-F32 -> 0
C37: «Νεκρό Σημείο» ( break even point ) | D37: 20Χ1 | E37: 20Χ0
C38: Σταθερά έξοδα | D38: =D24 -> 500000 | E38: =E24 -> 426000
C39: Μείον σταθερα έσοδα | D39: =-(ΑΝΑΛΥΣΗ!D10+ΑΝΑΛΥΣΗ!D16+ΑΝΑΛΥΣΗ!D18) -> -83500 | E39: =-(ΑΝΑΛΥΣΗ!E10+ΑΝΑΛΥΣΗ!E16+ΑΝΑΛΥΣΗ!E18) -> -129890
C40: Περιθώριο Μικτού Κέρδους | D40: =ΑΝΑΛΥΣΗ!D9 -> 0.27272727 | E40: =ΑΝΑΛΥΣΗ!E9 -> 0.22083333
C41: Ελάχιστες απαιτούμενες πωλήσεις | D41: =(D38+D39)/D40 -> 1527166.7 | E41: =(E38+E39)/E40 -> 1340875.5
C42: Πωλήσεις | D42: =ΑΝΑΛΥΣΗ!D6 -> 2200000 | E42: =ΑΝΑΛΥΣΗ!E6 -> 2400000
C43: Περιθώριο πτώσης των πωλήσεων | D43: =D42-D41 -> 672833.33 | E43: =E42-E41 -> 1059124.5
C45: Επαλήθευση
C46: =ΑΝΑΛΥΣΗ!C8 -> Μικτό αποτέλεσμα | D46: =ΑΝΑΛΥΣΗ!D8 -> 600000 | E46: =ΑΝΑΛΥΣΗ!E8 -> 530000
C47: =ΑΝΑΛΥΣΗ!C20 -> Αποτέλεσμα προ φόρων | D47: =ΑΝΑΛΥΣΗ!D20 -> 183500 | E47: =ΑΝΑΛΥΣΗ!E20 -> 233890
C48: Διαφορά | D48: =D46-D47 -> 416500 | E48: =E46-E47 -> 296110
C49: Περιθώριο Μικτού Κέρδους | D49: =D40 -> 0.27272727 | E49: =E40 -> 0.22083333
D50: =D48/D49 -> 1527166.7 | E50: =E48/E49 -> 1340875.5
C52: Επαλήθευση | D52: =D41-D50 -> 0 | E52: =E41-E50 -> 0

Sheet ΔΕΙΚΤΕΣ
B3: α. Οικονομικής Διαρθρώσεως | D3: 20Χ1 | E3: 20Χ0 | G3: 20Χ1 | H3: 20Χ0
B4: Κυκλοφορούν» ενεργητικό | C4: % | D4: =G4/G5 -> 0.28869048 | E4: =H4/H5 -> 0.2349892 | G4: =ΑΝΑΛΥΣΗ!D59 -> 679000 | H4: =ΑΝΑΛΥΣΗ!E59 -> 544000
B5: Σύνολο ενεργητικού | G5: =ΑΝΑΛΥΣΗ!D60 -> 2352000 | H5: =ΑΝΑΛΥΣΗ!E60 -> 2315000
B6: Ίδια κεφάλαια | C6: % | D6: =G6/G7 -> 0.23568141 | E6: =H6/H7 -> 0.14285714 | G6: =ΑΝΑΛΥΣΗ!D71 -> 394295 | H6: =ΑΝΑΛΥΣΗ!E71 -> 253000
B7: Πάγιο ενεργητικό | G7: =ΑΝΑΛΥΣΗ!D49 -> 1673000 | H7: =ΑΝΑΛΥΣΗ!E49 -> 1771000
B8: Ίδια & Μακροπρόθεσμα Κεφάλαια | C8: % | D8: =G8/G9 -> 0.35522714 | E8: =H8/H9 -> 0.31225296 | G8: =ΑΝΑΛΥΣΗ!D71+ΑΝΑΛΥΣΗ!D73 -> 594295 | H8: =ΑΝΑΛΥΣΗ!E71+ΑΝΑΛΥΣΗ!E73 -> 553000
B9: Πάγιο ενεργητικό | G9: =G7 -> 1673000 | H9: =H7 -> 1771000
B10: «Κυκλοφορούν» ενεργητικό | C10: % | D10: =G10/G11 -> 0.38629918 | E10: =H10/H11 -> 0.30874007 | G10: =ΑΝΑΛΥΣΗ!D59 -> 679000 | H10: =ΑΝΑΛΥΣΗ!E59 -> 544000
B11: Βραχυπρόθεσμες υποχρεώσεις | G11: =ΑΝΑΛΥΣΗ!D82 -> 1757705 | H11: =ΑΝΑΛΥΣΗ!E82 -> 1762000
B13: β. Αποδόσεως και Αποδοτικότητας | D13: 20Χ1 | E13: 20Χ0
B14: Καθαρά αποτελέσματα χρήσεως προ φόρων | C14: % | D14: =G14/G15 -> 0.083409091 | E14: =H14/H15 -> 0.097454167 | G14: =ΑΝΑΛΥΣΗ!D20 -> 183500 | H14: =ΑΝΑΛΥΣΗ!E20 -> 233890
B15: Πωλήσεις αποθεμάτων και υπηρεσιών | G15: =ΑΝΑΛΥΣΗ!D6 -> 2200000 | H15: =ΑΝΑΛΥΣΗ!E6 -> 2400000
B16: Καθαρά αποτελέσματα χρήσεως προ φόρων | C16: % | D16: =G16/G17 -> 0.46538759 | E16: =H16/H17 -> 0.9244664 | G16: =ΑΝΑΛΥΣΗ!D20 -> 183500 | H16: =ΑΝΑΛΥΣΗ!E20 -> 233890
B17: Ίδια κεφάλαια | G17: =ΑΝΑΛΥΣΗ!D71 -> 394295 | H17: =ΑΝΑΛΥΣΗ!E71 -> 253000
B18: Μικτά αποτελέσματα | C18: % | D18: =G18/G19 -> 0.27272727 | E18: =H18/H19 -> 0.22083333 | G18: =ΑΝΑΛΥΣΗ!D8 -> 600000 | H18: =ΑΝΑΛΥΣΗ!E8 -> 530000
B19: Πωλήσεις | G19: =ΑΝΑΛΥΣΗ!D6 -> 2200000 | H19: =ΑΝΑΛΥΣΗ!E6 -> 2400000
B21: γ. Διαχειριστικής Πολιτικής | D21: 20Χ1 | E21: 20Χ0
B22: Εμπορικές Υποχρεώσεις | C22: Χ 365 = ημέρες | D22: =(G22/G23)*365 -> 118.10534 | E22: =(H22/H23)*365 -> 110.7787 | G22: =ΑΝΑΛΥΣΗ!D78 -> 650000 | H22: =ΑΝΑΛΥΣΗ!E78 -> 700000
B23: Αγορές αποθεμάτων και υπηρεσιών (πλεον Φ.Π.Α) | G23: =(ΑΝΑΛΥΣΗ!D7-ΑΝΑΛΥΣΗ!D52+ΑΝΑΛΥΣΗ!E52)*1.24 -> 2008800 | H23: =(ΑΝΑΛΥΣΗ!E7-ΑΝΑΛΥΣΗ!E52+200000)*1.24 -> 2306400
B24: Εμπορικές Απαιτήσεις | C24: Χ 365 = ημέρες | D24: =(G24/G25)*365 -> 41.477273 | E24: =(H24/H25)*365 -> 26.982527 | G24: =ΑΝΑΛΥΣΗ!D55 -> 310000 | H24: =ΑΝΑΛΥΣΗ!E55 -> 220000
B25: Πωλήσεις (πλεον Φ.Π.Α) | G25: =ΑΝΑΛΥΣΗ!D6*1.24 -> 2728000 | H25: =ΑΝΑΛΥΣΗ!E6*1.24 -> 2976000
G27: Απόθεμα 31/12/20Χ-1 | H27: 200000

Sheet Ε3
M1: ΚΑΤΑΣΤΑΣΗ ΟΙΚΟΝΟΜΙΚΩΝ ΣΤΟΙΧΕΙΩΝ ΑΠΟ ΕΠΙΧΕΙΡΗΜΑΤΙΚΗ ΔΡΑΣΤΗΡΙΟΤΗΤΑ Υποβάλλεται σε ένα αντίτυπο και συνοδεύει τη δήλωση φορολογίας εισοδήματος
AC4: 001 | AE4: =[1]ΠΑΡΑΜΕΤΡΟΙ!E6 -> 0
AF7: ΕΚΔΟΣΗ 2020
B8: ΠΙΝΑΚΑΣ Δ'. ΟΙΚΟΝΟΜΙΚΑ ΔΕΔΟΜΕΝΑ ΕΠΙΧΕΙΡΗΣΕΩΝ (Απλογραφικά - Διπλογραφικά Βιβλία)
S9: Εμπορική δραστηριότητα | Z9: Σύνολο
B12: Δ1 | C12: Πωλήσεις αγαθών και παροχή υπηρεσιών | S12: 100 | U12: =ΑΝΑΛΥΣΗ!D6 -> 2200000 | Z12: 500 | AB12: =U12 -> 2200000
C14: α) Εμπορεύματα
C15: Εμπορεύματα έναρξης | S15: 101 | U15: =ΑΝΑΛΥΣΗ!E52 -> 210000
C16: Χονδρικές | S16: 001
C17: Λισνικές | S17: 002
C18: Αγαθών του άρθρου 39α παρ.5 του Κώδικα Φ.Π.Α. (Ν.2859/2000) | S18: 003
C19: Εξωτερικού Ενδοκοινοτικές | S19: 004
C20: Εξωτερικού Τρίτες Χώρες | S20: 005
C21: Λοιπά | S21: 006
C22: Αγορές εμπορευμάτων χρήσης (καθαρό ποσό) | S22: 102 | U22: =ΑΝΑΛΥΣΗ!D7+ΑΝΑΛΥΣΗ!F52 -> 1580000
C23: Απομείωση εμπορευμάτων | S23: 103
C24: Εμπορεύματα λήξης | S24: 104 | U24: =ΑΝΑΛΥΣΗ!D52 -> 190000
C26: β) Λοιπά έξοδα εμπορικής δραστηριότητας | S26: 105
C27: γ) Ιδιωπαραγωγή παγίων - Αυτοπαραδόσεις - Καταστροφές αποθεμάτων (μείον) | S27: 106 | U27: 0
B29: Δ2 | C29: Κόστος πωληθέντων εμπορικής δραστηριότητας (α+β-γ) | S29: 107 | U29: =U15+U22-U23-U24+U26-U27 -> 1600000
B32: Δ6 | C32: Σύνολο (Δ2+Δ3+Δ4+Δ5) | S32: 120 | U32: =U29 -> 1600000 | Z32: 520 | AB32: =U32 -> 1600000
B33: Δ7 | C33: Μικτό κέρδος (Δ1-Δ6) | S33: 121 | U33: =U12-U32 -> 600000 | Z33: 521 | AB33: =U33 -> 600000
B35: Δ8 | C35: Λοιπά έσοδα εξαιρουμένων των πιστωτικών τόκων | S35: 122 | U35: =ΑΝΑΛΥΣΗ!D10+ΑΝΑΛΥΣΗ!D16 -> 82000 | Z35: 522 | AB35: =U35 -> 82000
B36: Δ9 | C36: Λοιπά έξοδα εξαιρουμένων των τόκων και αποσβέσεων | S36: 123 | U36: =ΕΞΟΔΑ!D24-ΕΞΟΔΑ!D21-ΕΞΟΔΑ!D20 -> 305000 | Z36: 523 | AB36: =U36 -> 305000
B38: Δ10 | C38: Αποτελέσματα προ φόρων-τόκων και αποσβέσεων EBITDA | S38: 124 | U38: =U33+U35-U36 -> 377000 | Z38: 524 | AB38: =U38 -> 377000
B39: Δ11 | C39: Αποσβέσεις | S39: 125 | U39: =-ΑΝΑΛΥΣΗ!N47 -> 130000 | Z39: 525 | AB39: =U39 -> 130000
B40: Δ12 | C40: Αποτελέσματα προ φόρων και τόκων EBIT | S40: 126 | U40: =U33+U35-U36-U39 -> 247000 | Z40: 526 | AB40: =U40 -> 247000
B41: Δ13 | C41: Πιστωτικοί τόκοι και συναφή έσοδα | S41: 127 | U41: =ΑΝΑΛΥΣΗ!D18 -> 1500 | Z41: 527 | AB41: =U41 -> 1500
B42: Δ14 | C42: Χρεωστικοί τόκοι και συναφή έξοδα | S42: 128 | U42: =ΑΝΑΛΥΣΗ!D19 -> 65000 | Z42: 528 | AB42: =U42 -> 65000
AH43: Επαλήθευση
B44: Δ15 | C44: Αποτελέσματα προ φόρων | S44: 129 | U44: =U40+U41-U42 -> 183500 | Z44: 529 | AB44: =U44 -> 183500 | AH44: =AB44-ΑΝΑΛΥΣΗ!D20 -> 0
B46: Ποσοστά μικτού κέρδους επί πωλήσεων | S46: 130 | U46: =IF(U33>0,ROUND(U33/U12,4)*100,0) -> 27.27 | Z46: 530 | AB46: =IF(AB33>0,ROUND(AB33/AB12,4)*100,0) -> 27.27
B47: Ποσοστά μικτού κέρδους επί κόστους | S47: 131 | U47: =IF(U33>0,ROUND(U33/U32,4)*100,0) -> 37.5
B48: Ποσοστά καθαρού κέρδους επί πωλήσεων | S48: 132 | U48: =IF(U44>0,ROUND(U44/U12,4)*100,0) -> 8.34
B50: ΠΙΝΑΚΑΣ Ζ'. ΓΕΝΙΚΕΣ ΟΙΚΟΝΟΜΙΚΕΣ ΠΛΗΡΟΦΟΡΙΕΣ (Απλογραφικά - Διπλογραφικά Βιβλία)
S51: Εμπορική | Z51: Σύνολο
S52: δραστηριότητα
B53: Ζ1 | C53: Σύνολο Εσόδων | S53: 160 | U53: =SUM(U61:Y70) -> 2283500 | Z53: 560 | AB53: =U53 -> 2283500 | AH53: Επαλήθευση
C54: Χονδρικές - Επιτηδευματιών | S54: 001 | Z54: 001 | AB54: =U54+#REF!+#REF!+#REF! -> #REF! | AH54: =AB54-ΕΞΟΔΑ!D4 -> #REF!
C55: Χονδρικές βάσει άρθρ.39α παρ.5 του Κώδικα Φ.Π.Α. (Ν.2859/2000) | S55: 002 | Z55: 002 | AB55: =U55+#REF!+#REF!+#REF! -> #REF!
C56: Λιανικές - Ιδιωτική Πελατεία | S56: 003 | Z56: 003 | AB56: =U56+#REF!+#REF!+#REF! -> #REF!
C57: Λιανιικές βάσει άρθρ.39α παρ.5 του Κώδικα Φ.Π.Α. (Ν.2859/2000) | S57: 004 | Z57: 004 | AB57: =U57+#REF!+#REF!+#REF! -> #REF!
C58: Εξωτερικού Ενδοκοινοτικές | S58: 005 | Z58: 005 | AB58: =U58+#REF!+#REF!+#REF! -> #REF!
C59: Εξωτερικού Τρίτες Χώρες | S59: 006 | Z59: 006 | AB59: =U59+#REF!+#REF!+#REF! -> #REF!
C60: Λοιπά | S60: 007 | Z60: 007 | AB60: =U60+#REF!+#REF!+#REF! -> #REF!
C61: Πωλήσεις αγαθών και υπηρεσιών | S61: 161 | U61: =ΑΝΑΛΥΣΗ!D6 -> 2200000 | Z61: 561 | AB61: =U61 -> 2200000 | AH61: =U53-ΑΝΑΛΥΣΗ!D6-ΑΝΑΛΥΣΗ!D10-ΑΝΑΛΥΣΗ!D15-ΑΝΑΛΥΣΗ!D18 -> -3000
C62: Λοιπά συνήθη έσοδα | S62: 162 | U62: =ΑΝΑΛΥΣΗ!D10+ΑΝΑΛΥΣΗ!D16 -> 82000 | Z62: 562 | AB62: =U62 -> 82000
C63: Πιστωτικοί τόκοι και συναφή έσοδα | S63: 163 | U63: =ΑΝΑΛΥΣΗ!D18 -> 1500 | Z63: 563 | AB63: =U63 -> 1500
C64: Πιστωτικές συναλλαγματικές διαφορές | S64: 164 | Z64: 564 | AB64: =U64 -> 0
C65: Έσοδα συμμετοχών | S65: 165 | Z65: 565 | AB65: =U65 -> 0 | AH65: =AB53-AB74 -> 1783500
C66: Κέρδη από διάθεση μη κυκλοφορούντων περιουσιακών στοιχείων | S66: 166 | Z66: 566 | AB66: =U66 -> 0 | AH66: =-ΑΝΑΛΥΣΗ!D7 -> -1600000
C67: Κέρδη από αναστροφή προβλέψεων και απομειώσεων | S67: 167 | Z67: 567 | AB67: =U67 -> 0 | AH67: =SUM(AH65:AH66) -> 183500
C68: Κέρδη από επιμέτρηση στην εύλογη αξία | S68: 168 | Z68: 568 | AB68: =U68 -> 0 | AH68: =AH67-ΑΝΑΛΥΣΗ!D20 -> 0
C69: Φόρος Εισοδήματος έσοδα | S69: 169 | Z69: 569 | AB69: =U69 -> 0
C70: Ασυνήθη έσοδα και κέρδη | S70: 170 | Z70: 570 | AB70: =U70 -> 0
B71: ΠΙΝΑΚΑΣ Ζ'. ΓΕΝΙΚΕΣ ΟΙΚΟΝΟΜΙΚΕΣ ΠΛΗΡΟΦΟΡΙΕΣ (Απλογραφικά - Διπλογραφικά Βιβλία)
S72: Εμπορική | Z72: Σύνολο
S73: δραστηριότητα | AH73: Επαλήθευση
B74: Ζ2 | C74: Σύνολο Εξόδων | S74: 180 | U74: =U78+U79+U80+U81+U99+U100+U101+U102+U103 -> 500000 | Z74: 580 | AB74: =U74 -> 500000 | AH74: =AB74-ΕΞΟΔΑ!D24 -> 0
C75: Μικτές αποδοχές | S75: 001 | Z75: 001 | AB75: =U75+#REF!+#REF!+#REF! -> #REF!
C76: Εργοδοτικές εισφορές | S76: 002 | Z76: 002 | AB76: =U76+#REF!+#REF!+#REF! -> #REF!
C77: Λοιπές παροχές | S77: 003 | Z77: 003 | AB77: =U77+#REF!+#REF!+#REF! -> #REF!
C78: Παροχές σε εργαζόμενους | S78: 181 | U78: =ΕΞΟΔΑ!D4 -> 190000 | Z78: 581 | AB78: =U78 -> 190000
C79: Ζημιές επιμέτρησης περιουσιακών στοιχείων | S79: 182 | U79: 0 | Z79: 582 | AB79: =U79 -> 0
C80: Χρεωστικές συναλλαγματικές διαφορές | S80: 183 | U80: =ΕΞΟΔΑ!D5 -> 10000 | Z80: 583 | AB80: =U80 -> 10000
C81: Ζημιές από διάθεση-απόσυρση μη κυκλοφ.περιουσιακών στοιχείων | S81: 184 | U81: 0 | Z81: 584 | AB81: =U81 -> 0
C82: Προμήθειες διαχείρισης ημεδαπής - αλλοδαπής (management fees) | S82: 001 | Z82: 001 | AB82: =U82 -> 0
C83: Δαπάνες από συνδεδεμένες επιχειρήσεις | S83: 002 | Z83: 002 | AB83: =U83 -> 0
C84: Δαπάνες από μη συνεργαζόμενα κράτη ή από κράτη | S84: 003 | Z84: 003 | AB84: =U84 -> 0
C85: με προνομιακό φορολογικό καθεστώς | AB85: =U85 -> 0
C86: Δαπάνες για ενημερωτικές ημερίδες | S86: 004 | Z86: 004 | AB86: =U86 -> 0
C87: Έξοδα υποδοχής και φιλοξενίας | S87: 005 | Z87: 005 | AB87: =U87 -> 0
C88: Έξοδα ταξιδίου | S88: 006 | Z88: 006 | AB88: =U88 -> 0
C89: Ασφαλιστικές Εισφορές Αυτοαπασχολούμενων | S89: 007 | Z89: 007 | AB89: =U89 -> 0
C90: Έξοδα και προμήθειες παραγγελιοδόχου για λογαριασμό αγροτών | S90: 008 | Z90: 008 | AB90: =U90 -> 0
C91: Λοιπές αμοιβές για υπηρεσίες ημεδαπής | S91: 009 | Z91: 009 | AB91: =U91 -> 0
C92: Λοιπές αμοιβές για υπηρεσίες αλλοδαπής | S92: 010 | Z92: 010 | AB92: =U92 -> 0
C93: Ενέργεια | S93: 011 | Z93: 011 | AB93: =U93 -> 0
C94: Ύδρευση | S94: 012 | Z94: 012 | AB94: =U94 -> 0
C95: Τηλεπικοινωνίες | S95: 013 | Z95: 013 | AB95: =U95 -> 0
C96: Ενοίκια | S96: 014 | Z96: 014 | AB96: =U96 -> 0
C97: Διαφήμιση και προβολή | S97: 015 | Z97: 015 | AB97: =U97 -> 0
C98: Λοιπά έξοδα | S98: 016 | Z98: 016 | AB98: =U98 -> 0
C99: Διάφορα λειτουργικά έξοδα | S99: 185 | U99: =ΕΞΟΔΑ!D28+ΕΞΟΔΑ!D29-ΕΞΟΔΑ!D21-ΕΞΟΔΑ!D4 -> 100000 | Z99: 585 | AB99: =U99 -> 100000
C100: Χρεωστικοί τόκοι και συναφή έξοδα | S100: 186 | U100: =ΑΝΑΛΥΣΗ!D19 -> 65000 | Z100: 586 | AB100: =U100 -> 65000
C101: Αποσβέσεις | S101: 187 | U101: =ΕΞΟΔΑ!D21 -> 130000 | Z101: 587 | AB101: =U101 -> 130000
C102: Ασυνήθη έξοδα, ζημιές και πρόστιμα | S102: 188 | U102: =ΕΞΟΔΑ!D23 -> 5000 | Z102: 588 | AB102: =U102 -> 5000
C103: Προβλέψεις (εκτός από προβλέψεις για το προσωπικό) | S103: 189 | Z103: 589
C104: Φόρος Εισοδήματος | S104: 190 | Z104: 590
AF137: ΥΠΟΥΡΓΕΙΟ ΟΙΚΟΝΟΜΙΚΩΝ ΓΓΠΣ - ΔΛΟΣΕΛΥ
